 Dungeon Crawl Stone Soup version 0.19.4-8-ga85b6b9 (webtiles) character file.

522 Thrillho the Magician (level 7, 0/36 HPs)
             Began as a Deep Elf Conjurer on Feb 7, 2017.
             Slain by Duvessa
             ... wielding a +0 short sword
              (2 damage)
             ... on level 4 of the Dungeon.
             The game lasted 00:07:35 (5336 turns).

Thrillho the Magician (Deep Elf Conjurer)           Turns: 5336, Time: 00:07:36

Health: 0/36       AC:  3    Str:  5    XL:     7   Next: 1%
Magic:  20/20      EV: 13    Int: 22    God:
Gold:   222        SH:  0    Dex: 15    Spells: 4 memorised, 9 levels left

rFire  . . .     SeeInvis .     d - +0 whip
rCold  . . .     Gourm    .     a - +1 robe
rNeg   . . .     Faith    .     (no shield)
rPois  .         Spirit   .     (no helmet)
rElec  .         Reflect  .     (no cloak)
rCorr  .         Harm     .     (no gloves)
MR     +....                    (no boots)
Stlth  ++........               (no amulet)
                                (no ring)
                                v - ring of protection from magic

@: no status effects
A: no striking features
a: no special abilities


You were on level 4 of the Dungeon.
You were not hungry.

You visited 1 branch of the dungeon, and saw 5 of its levels.

You collected 222 gold pieces.

Inventory:

Hand Weapons
 d - a +0 whip (weapon)
Armour
 a - a +1 robe (worn)
Jewellery
 v - a ring of protection from magic (left hand)
Scrolls
 f - 5 scrolls of identify
Potions
 k - a potion of brilliance {unknown}
 l - a potion of heal wounds {unknown}
 n - a potion of haste {unknown}
 q - a potion of invisibility {unknown}
 s - 2 potions of cancellation
Books
 b - a book of Conjurations

   Spells                             Type                      Level
   a - Magic Dart                     Conjuration                  1
   b - Searing Ray                    Conjuration                  2
   c - Dazzling Spray                 Conjuration/Hexes            3
   d - Fulminant Prism                Conjuration/Hexes            4
   e - Iskenderun's Mystic Blast      Conjuration                  4
   f - Iskenderun's Battlesphere      Conjuration/Charms           5
Comestibles
 c - 4 bread rations
 j - 6 chunks of flesh
 o - a beef jerky
 p - 4 meat rations
 u - 4 fruits


   Skills:
 - Level 2.4 Dodging
 - Level 2.4 Stealth
 + Level 7.5 Spellcasting
 + Level 7.2 Conjurations


You had 9 spell levels left.
You knew the following spells:

 Your Spells              Type           Power        Failure   Level  Hunger
a - Magic Dart            Conj           ####         1%          1    None
b - Searing Ray           Conj           #####.       1%          2    None
c - Iskenderun's Mystic   Conj           #####...     4%          4    ###....
d - Iskenderun's Battles  Conj/Chrm      ###.....     63%         5    #####..


Dungeon Overview and Level Annotations

Branches:
Dungeon (5/15)
 Temple: D:4-7

Altars:
Ashenzari
Elyvilon
Qazlal
Zin
The Shining One

Annotations:
D:3 Wardy1's ghost, amateur DsAK
D:4 Dowan; Duvessa


Message History

You feel better.
Duvessa says, "Beauty is only skin deep, and my weapons penetrate much further than that."
Duvessa closely misses you. The iguana bites you.
Duvessa hits you with a short sword.
As you read the scroll labeled NOLLUC PONESI, it crumbles to dust.
The creatures around you are filled with an inner flame!
It was a scroll of immolation.
Duvessa closely misses you. The iguana misses you.
As you read the scroll labeled URA GEUDES, it crumbles to dust.
It is a scroll of amnesia.
Forget which spell ([?*] list [ESC] exit)?
Forget which spell ([?*] list [ESC] exit)?
Okay, then.
Duvessa hits you with a short sword.
* * * LOW HITPOINT WARNING * * *
The iguana bites you!
* * * LOW HITPOINT WARNING * * *
Dowan says, "Magic and the sword, together, will defeat you."
Duvessa hits you with a short sword.
You die...

####### ############# ..#<..#
#.....##....# #.#.###
#.###.##.##.# #.#.######.#
#.##..#.########## #.#.#....#.#
#.....#...........
#.#.#.#.##.############........
.......)......§l@ee§.#..####...
#...##..##...#######.#..#
...###..##.#.# #....# ...#
#..##.#.# ###.e# ...###..##.#.#
#..... .......[...#.# ##..#...
#..####......# #..# ..
..........#### ..# .
....[...#.# ...


You could see Duvessa (inner flame), Dowan (inner flame) and an iguana (inner
flame).

Vanquished Creatures
  A phantom (D:4)
  3 ogres (D:4)
  An orc priest (D:3)
  2 adders
  3 oozes
  3 worms (D:3)
  3 dart slugs
  2 leopard geckos
  8 orcs
  9 bats
  3 giant cockroaches
  6 hobgoblins
  5 jackals
  2 quokkas
  5 frilled lizards
  23 goblins
  10 kobolds
  A quokka skeleton (D:4)
  7 rats
97 creatures vanquished.

Notes
Turn   | Place    | Note
-------+----------+-------------------------------------------
     0 | D:1      | Thrillho the Deep Elf Conjurer began the quest for the Orb.
     0 | D:1      | Reached XP level 1. HP: 10/10 MP: 6/6
   395 | D:1      | Reached XP level 2. HP: 15/15 MP: 4/8
   513 | D:1      | Learned a level 2 spell: Searing Ray
  1016 | D:1      | Reached XP level 3. HP: 11/19 MP: 5/10
  1141 | D:1      | Reached skill level 5 in Conjurations
  1273 | D:2      | Found a shattered altar of Ashenzari.
  1362 | D:3      | Noticed Wardy1's ghost (amateur DsAK)
  2113 | D:3      | Found a stormy altar of Qazlal.
  2115 | D:3      | Reached XP level 4. HP: 24/24 MP: 9/12
  2116 | D:3      | Found a glowing golden altar of the Shining One.
  2359 | D:3      | Reached skill level 5 in Spellcasting
  2998 | D:3      | Found a faded altar of an unknown god.
  2998 | D:3      | Found a faded altar of an unknown god.
  3003 | D:3      | Found a white marble altar of Elyvilon.
  3012 | D:3      | Found a faded altar of an unknown god.
  3013 | D:3      | Found a faded altar of an unknown god.
  3172 | D:3      | Reached XP level 5. HP: 13/28 MP: 6/14
  3368 | D:4      | Noticed an ogre
  3841 | D:4      | Noticed a phantom
  4061 | D:4      | Killed a phantom
  4136 | D:4      | Learned a level 4 spell: Iskenderun's Mystic Blast
  4142 | D:4      | Learned a level 5 spell: Iskenderun's Battlesphere
  4196 | D:4      | Found a glowing silver altar of Zin.
  4252 | D:4      | Killed an ogre
  4252 | D:4      | Reached XP level 6. HP: 32/32 MP: 8/17
  4656 | D:5      | Entered Level 5 of the Dungeon
  5166 | D:4      | Reached XP level 7. HP: 36/36 MP: 10/20
  5321 | D:4      | Noticed Duvessa
  5321 | D:4      | Noticed Dowan
  5336 | D:4      | Slain by Duvessa

Skill      XL: |  1  2  3  4  5  6 |
---------------+-------------------+-----
Spellcasting   | 4 5 6 7 |  7.5
Conjurations   | 5 6 7 |  7.2
Dodging        | |  2.4
Stealth        | |  2.4

Action                   |  1- 3 |  4- 6 |  7- 9 || total
-------------------------+-------+-------+-------++-------
Melee: Whip              |     4 |     6 |       ||    10
 Cast: Magic Dart        |    85 |   119 |     6 ||   210
       Searing Ray       |       |    10 |       ||    10
       Iskenderun's Myst |       |     1 |       ||     1
  Use: Scroll            |     2 |     2 |     5 ||     9
       Potion            |       |       |     1 ||     1
  Eat: Chunk             |     3 |     9 |     1 ||    13
Armor: Robe              |     4 |     3 |     3 ||    10
Dodge: Dodged            |     9 |    26 |     7 ||    42
